 Dungeon Crawl Stone Soup version 0.31.0-4-g52a2dc7128 (webtiles) character file.

Game seed: 7071329497934425419

85 Sweeb the Ruffian (level 4, 0/29 HPs)
             Began as an Octopode Shapeshifter on Jan 22, 2024.
             Succumbed to Robin's poison
             ... on level 2 of the Dungeon.
             The game lasted 00:01:40 (1177 turns).

Sweeb the Ruffian (Octopode Shapeshifter)           Turns: 1177, Time: 00:01:41

Health: 0/29       AC:  1    Str: 15    XL:     4   Next: 48%
Magic:  4/4        EV: 13    Int: 12    God:
Gold:   38         SH:  0    Dex: 11    Spells: 3/3 levels left

rFire   . .          .
                       - Unarmed
rCold   . . .        (no shield)
rNeg    . . .        (helmet currently unavailable)
rPois   .            (no amulet)
rElec   .            (no ring)
rCorr   .            (no ring)
SInv    .            (no ring)
Will    +....        (no ring)
Stlth   +++          (no ring)
HPRegen 0.24/turn    (no ring)
MPRegen 0.09/turn    (no ring)
                     (no ring)

%: no passive effects
@: lethally poisoned (0 -> -5), beast-form, enlightened, flying
A: beast (slay +1), almost no armour, amphibious, 8 rings, camouflage 1,
gelatinous body 1, (nimble swimmer 1), tentacles
a: Begin Untransformation


You were on level 2 of the Dungeon.
You were a hulking beast.
You visited 1 branch of the dungeon, and saw 2 of its levels.

You collected 38 gold pieces.

Inventory:

Talismans
 b - a beast talisman
 c - a flux talisman
Potions
 a - a potion of lignification


   Skills:
 + Level 1.8 Fighting
 + Level 2.5 Dodging
 + Level 1.9 Stealth
 * Level 3.8 Unarmed Combat
 + Level 3.3 Shapeshifting


You had 3 spell levels left.
You didn't know any spells.
Your spell library was empty.

Dungeon Overview and Level Annotations

Branches:
Dungeon (2/15)

Altars:
Makhleb


Innate Abilities, Weirdness & Mutations

You are a hulking beast.
Your limbs bulge with bestial killing power. (Slay +1)
You cannot wear most types of armour.
You are amphibious.
You can wear up to eight rings at the same time.
Your skin changes colour to match your surroundings (Stealth+).
Your rubbery body absorbs attacks. (AC +1, EV +1)
((You are camouflaged when in or above water. (Stealth+)))
You have tentacles for arms and can constrict up to eight enemies at once.


Message History

The goblin is severely wounded.
You constrict the goblin.
You kill the goblin!
The goblin hits you but does no damage.
You bludgeon the goblin!
You kill the goblin!
Robin throws the goblin at you!
The goblin hits you with a +1 dagger of freezing.
The goblin freezes you.
You bludgeon the goblin!
You kill the goblin!
The goblin hits you with a +1 dagger of freezing.
The goblin freezes you.
You tentacle-slap the goblin.
You kill the goblin!
Robin closely misses you.
You tentacle-slap Robin. You grab Robin.
Robin is moderately wounded.
You constrict Robin, but do no damage.
Robin hits you with a +3 short sword of venom.
You are poisoned.
You tentacle-slap Robin. x2; You squeeze Robin, but do no damage.
Robin is almost dead.
You constrict Robin.
* * * LOW HITPOINT WARNING * * *
You feel very sick.
Robin hits you with a +3 short sword of venom.
* * * LOW HITPOINT WARNING * * *
It was a potion of enlightenment.
You feel very buoyant.
You fly up into the air.
You constrict Robin.
You kill Robin!
* * * LOW HITPOINT WARNING * * *
You feel sick.
* * * LOW HITPOINT WARNING * * *
You feel sick.
Items here: ))))))) [[ ††††††.
Unknown command.
Okay, then.
You die...

#...... # ####### ### #######
#.#######.....#########.#### #.
...g..............†.....†..#####.
...ggg........###.....^........#.
...######.....# #..........###...
.. #.....###.########## ###.
#.......#(# #. #######.h)# #.
###.# #. ### #. #. ## # # # #


There were no monsters in sight!

Vanquished Creatures
  Terence (D:2)
  Robin (D:2)
  2 dart slugs
  5 bats
  3 endoplasms (D:1)
  A giant cockroach (D:1)
  10 goblins
  5 hobgoblins
  3 kobolds (D:1)
  4 quokkas
  2 ball pythons (D:1)
  3 rats (D:1)
40 creatures vanquished.

Notes
Turn   | Place    | Note
-------+----------+-------------------------------------------
     0 | D:1      | Sweeb the Octopode Shapeshifter began the quest for the
                  | Orb.
     0 | D:1      | Reached XP level 1. HP: 13/13 MP: 1/1
   252 | D:1      | Reached XP level 2. HP: 18/18 MP: 2/2
   328 | D:1      | Reached skill level 1 in Stealth
   479 | D:1      | Reached XP level 3. HP: 23/23 MP: 3/3
   789 | D:2      | Noticed Terence
   795 | D:2      | Killed Terence
  1074 | D:2      | Reached XP level 4. HP: 29/29 MP: 4/4
  1141 | D:2      | Noticed Robin
  1145 | D:2      | Found a burning altar of Makhleb.
  1175 | D:2      | Killed Robin
  1176 | D:2      | HP: 1/29 [poisoned by Robin]
  1177 | D:2      | Succumbed to Robin's poison

Illustrated notes

Levels and vault maps discovered:
D:1:      psy_arrival_heroes, layout_basic
D:2:      kb_forest_paths, layout_rooms, basic_altar, st_stairs_6, uniq_robin,
          uniq_terence

Skill      XL: |  1  2 |
---------------+-------+-----
Stealth        | 1 |  1.9
Fighting       | |  1.8
Dodging        | |  2.5
Unarmed Combat | |  3.8
Shapeshifting  | |  3.3

Action                     |  1- 3 |  4- 6 || total
---------------------------+-------+-------++-------
  Melee: Unarmed           |    43 |    22 ||    65
         Constrict         |    12 |     5 ||    17
         Tentacles         |    10 |     3 ||    13
         Punch             |       |     1 ||     1
    Use: Scroll            |     2 |     2 ||     4
         Potion            |       |     1 ||     1
   Stab: Sleeping          |     7 |       ||     7
 Armour: Skin              |    12 |    18 ||    30
  Dodge: Dodged            |    17 |    15 ||    32
